 Dungeon Crawl Stone Soup version 0.28-a0-998-gb9e9c7b67e (webtiles) character file.

Game seed: 9732680411035035626

13153 devnull the Fighter (level 12, 0/113 HPs)
             Began as a Ghoul Fighter on Dec 6, 2021.
             Was a Follower of Ashenzari.
             Hit by a large rock thrown by a cyclops (21 damage)
             ... on level 11 of the Dungeon.
             The game lasted 00:29:25 (17610 turns).

devnull the Fighter (Ghoul Fighter)                Turns: 17610, Time: 00:29:26

Health: 0/113      AC: 15    Str: 25    XL:     12   Next: 3%
Magic:  11/11      EV:  8    Int:  3    God:    Ashenzari [*.....]
Gold:   765        SH:  0    Dex:  8    Spells: 11/11 levels left

rFire   + + .      SeeInvis .   b - +4 battleaxe
rCold   + . .      Faith    .   (shield currently unavailable)
rNeg    + + +      Spirit   .   w - +0 chain mail
rPois   ∞          Reflect  .   h - +0 helmet "Circumscribed Together" {Comp, Self} (curse)
rElec   .          Harm     .   l - +0 cloak
rCorr   .          Rampage  .   (no gloves)
Will    .....                   r - +0 pair of boots "Cryptic Augurer" {Melee, Fort} (curse)
Stlth   ..........              (no amulet)
HPRegen 0.00/turn               e - ring of protection from fire
MPRegen 0.12/turn               G - ring of protection from fire

@: inhibited regen
A: claws 1, cold resistance 1, negative energy resistance 3, inhibited
regeneration, torment resistance 2
a: Renounce Religion, Curse Item, Shatter the Chains


You were on level 11 of the Dungeon.
You worshipped Ashenzari.
Ashenzari was aware of your devotion.
You visited 2 branches of the dungeon, and saw 12 of its levels.
You also visited: Sewer and Ice Cave.

You collected 765 gold pieces.

Inventory:

Hand Weapons
 a - a +1 war axe
 b - a +4 battleaxe (weapon)
Missiles
 j - 42 poisoned darts (quivered)
Armour
 c - a +0 buckler
 h - the cursed +0 helmet "Circumscribed Together" (worn) {Comp, Self}
   (You found it on level 1 of the Dungeon)

   It has a curse which improves the following skills: Companions: Summonings
   and Necromancy.
   Introspection: Fighting and Spellcasting.
 l - a +0 cloak (worn)
 r - the cursed +0 pair of boots "Cryptic Augurer" (worn) {Melee, Fort}
   (You found it on level 4 of the Dungeon)

   It has a curse which improves the following skills: Melee Combat: Short
   Blades, Long Blades, Axes, Maces & Flails, Polearms, Staves and Unarmed
   Combat.
   Fortitude: Armour and Shields.
 w - a +0 chain mail (worn)
Jewellery
 e - a ring of protection from fire (left claw)
 t - a +6 ring of intelligence
 x - an amulet of magic regeneration
 B - an amulet of regeneration
 G - a ring of protection from fire (right claw)
Wands
 y - a wand of mindburst (1)
 C - a wand of iceblast (13)
Scrolls
 i - a scroll of teleportation
 k - 2 scrolls of enchant armour
 o - 4 scrolls of vulnerability
 p - 4 scrolls of enchant weapon
 s - a scroll of amnesia
 v - a scroll of holy word
 E - 2 scrolls of blinking
 F - a scroll of silence
Potions
 d - 5 potions of resistance
 f - 4 potions of brilliance
 g - 5 potions of curing
 m - 2 potions of cancellation
 n - a potion of haste
 q - 2 potions of magic
 u - 2 potions of heal wounds
 z - 2 potions of berserk rage
 A - 2 potions of flight
 H - 2 potions of invisibility
Miscellaneous
 D - a phantom mirror (inert)


   Skills:
 + Level 11.6(12.6) Fighting
 + Level 9.6(10.6) Axes
 + Level 7.6(8.6) Armour
 - Level 7.9(8.9) Shields
 - Level 5.0 Evocations


You had 11 spell levels left.
You didn't know any spells.
Your spell library contained the following spells:

 Spells                   Type           Power      Damage    Failure   Level
 Foxfire                  Conj/Fire      0%         2x1d4     97%         1
 Magic Dart               Conj           0%         1d3       97%         1
 Corpse Rot               Necr/Air       0%         N/A       99%         2
 Poisonous Vapours        Pois/Air       0%         N/A       99%         2
 Searing Ray              Conj           0%         2d4       99%         2
 Conjure Flame            Conj/Fire      0%         6-21      100%        3
 Frozen Ramparts          Ice            0%         1d2       100%        3
 Gell's Gravitas          Tloc           0%         N/A       100%        3
 Ignite Poison            Fire/Tmut/Pois 0%         N/A       100%        3
 Inner Flame              Hex/Fire       0%         N/A       100%        3
 Lesser Beckoning         Tloc           0%         N/A       100%        3
 Mephitic Cloud           Conj/Pois/Air  0%         N/A       100%        3
 Teleport Other           Tloc           0%         N/A       100%        3
 Flame Wave               Conj/Fire      0%         2d4       100%        4
 Fulminant Prism          Conj/Hex       0%         3d6       100%        4
 Summon Ice Beast         Ice/Summ       0%         N/A       100%        4
 Freezing Cloud           Conj/Ice/Air   0%         6-21      100%        5
 Ice Form                 Ice/Tmut       Unusable   N/A       N/A         4

Dungeon Overview and Level Annotations

Branches:
Dungeon (11/15)            Temple (1/1) D:4            Lair (0/6) D:10
    Orc (0/2) D:11          Sewer (visited)           IceCv (visited)

Altars:
Ashenzari
Cheibriados
Dithmenos
Elyvilon
Fedhas
Gozag
Hepliaklqana
Kikubaaqudgha
Makhleb
Nemelex Xobeh
Okawaru
Qazlal
Ru
Sif Muna
Trog
Uskayaw
Vehumet
Wu Jian
Xom
Yredelemnul
Zin
The Shining One

Shops:
D:4 :

Annotations:
D:10 3 runed translucent doors, 2 transporters, siradein's ghost, journeyman DsFi


Innate Abilities, Weirdness & Mutations

You thrive by killing the living.
You are immune to poison.
You have sharp fingernails.
Your flesh is cold resistant. (rC+)
You are immune to negative energy. (rN+++)
You do not regenerate when monsters are visible.
You are immune to unholy pain and torment.


Message History

An orc is nearby!
An orc is nearby!
There is a staircase to the Orcish Mines, spattered with blood here.
Things that are here:
a +2 flail of draining; a +0 club A cyclops comes into view.
The cyclops shouts!
The orc hits you with a +0 short sword.
You slice the orc!!
You kill the orc!
The cyclops throws a large rock.
The large rock hits you!!
There is an open door, spattered with blood here.
Items here: )) [ †.
You see here a +0 mace.
The cyclops throws a large rock.
The large rock hits you!!
Items here: ))) [[[.
The cyclops hits you!!
You are too injured to fight recklessly!
You are too injured to fight recklessly!
You are too injured to fight recklessly!
Aiming: Phantom Mirror
Press: ? - help, Dir - move target, f - cyclops
Aim: a cyclops, quivering large rocks You reflect the cyclops with the mirror!
The mirror clouds!
Your cyclops hits the cyclops!!
Items here: ))) [[[.
Your cyclops hits the cyclops!
The cyclops throws a large rock.
The large rock hits you!
* * * LOW HITPOINT WARNING * * *
You see here a +0 mace.
There is an open door, spattered with blood here.
Items here: )) [ †.
Something hits your cyclops!!
Your cyclops completely misses the cyclops.
The cyclops throws a large rock.
The large rock hits your cyclops!!
Your cyclops dies!
Your cyclops's corpse shimmers and vanishes!
The cyclops throws a large rock.
The large rock hits you!!
You die...

#.#.#...............## *,* #...
.......(............># *,* #.#.
#.#........##.########## *.###...
...........'...# *,..##*.......
#.#........#.8C# *.8.'..##.<...
...........#.[)## *#..,*#.#..##.#
.###....>..####)###'#***#...##..#
<# #.......# ##...#* ##...*#.#*
.# #.#.....# #@>.# #...###.#
.#*#.##...## ##[).## *#......#
.##.....#.#####[###'#####...)..#
.##...###.##.[.## ##...##.#.#..#
.#####* #..).8.# #.8....#.#..##
.# #..#...# #...#).))#.... .#
#[)####### ##.##...###... ,*
#))......# #.##...####.# ,*
#<÷......# #.#....#....#


You could see a cyclops.

Vanquished Creatures
  A death yak (D:11)
  2 two-headed ogres
  A cyclops (D:8)
  A manticore (D:11)
  3 komodo dragons (D:10)
  A polar bear (IceCv)
  A troll (D:8)
  21 yaks
  A wyvern (D:10)
  2 shadows
  A basilisk (D:10)
  2 steam dragons
  4 vampire mosquitoes (D:11)
  An acid dragon (D:11)
  4 water moccasins
  2 black bears
  2 hornet zombies
  4 sky beasts
  2 orc warriors (D:11)
  Pargi (D:3)
  2 ice beasts
  2 wolves (IceCv)
  A centaur (D:8)
  2 kobold brigands
  4 bullfrogs
  A gnoll sergeant (D:10)
  15 killer bees
  17 wights
  5 howler monkeys
  2 centaur zombies
  An orc priest (D:6)
  A centaur skeleton (D:6)
  2 gnoll shamans
  2 bullfrog skeletons
  2 hounds
  2 jellies
  2 iguanas
  Jessica (D:2)
  A scorpion zombie (D:5)
  7 orc wizards
  A killer bee zombie (D:7)
  A howler monkey zombie (D:4)
  8 adders
  15 gnolls
  6 river rats (Sewer)
  A shadow imp (D:6)
  A white imp (D:7)
  An adder skeleton (D:4)
  2 worms (D:2)
  2 dart slugs (D:2)
  38 orcs
  3 bats
  5 endoplasms
  A giant cockroach (D:4)
  9 goblins
  5 hobgoblins
  8 jackals
  30 kobolds
  4 quokkas
  16 ball pythons
  2 frilled lizards
  45 rats
333 creatures vanquished.

Notes
Turn   | Place    | Note
-------+----------+-------------------------------------------
     0 | D:1      | devnull the Ghoul Fighter began the quest for the Orb.
     0 | D:1      | Reached XP level 1. HP: 19/19 MP: 0/0
   153 | D:1      | Found a faded altar of an unknown god.
   160 | D:1      | Reached XP level 2. HP: 21/26 MP: 1/1
   650 | D:1      | Reached XP level 3. HP: 31/31 MP: 2/2
  1293 | D:2      | Reached XP level 4. HP: 38/40 MP: 3/3
  1494 | D:2      | Reached skill level 4 in Fighting
  1573 | D:2      | Noticed Jessica
  1593 | D:2      | Killed Jessica
  2011 | D:2      | Reached XP level 5. HP: 45/46 MP: 4/4
  2699 | D:3      | Noticed Pargi
  2712 | D:3      | Killed Pargi
  2713 | D:3      | Reached XP level 6. HP: 37/53 MP: 5/5
  3914 | D:4      | Reached skill level 5 in Fighting
  3990 | D:4      | Found Zoosaav's Book Emporium.
  4282 | D:4      | Found a staircase to the Ecumenical Temple.
  4387 | Temple   | Entered the Ecumenical Temple
  4624 | Temple   | Became a worshipper of Ashenzari the Shackled
  4674 | D:5      | Entered Level 5 of the Dungeon
  4714 | D:5      | Reached XP level 7. HP: 55/61 MP: 6/6
  4736 | D:5      | Found a glowing drain.
  4745 | Sewer    | Entered a sewer
  5956 | D:5      | Reached XP level 8. HP: 54/71 MP: 7/7
  6277 | D:6      | Reached skill level 6 in Fighting
  6650 | D:6      | Reached skill level 5 in Shields
  6650 | D:6      | Reached skill level 1 in Evocations
  7144 | D:6      | Reached * piety under Ashenzari
  7168 | D:6      | Reached skill level 5 in Axes
  7892 | D:7      | Reached skill level 7 in Fighting
  7892 | D:7      | Reached XP level 9. HP: 59/81 MP: 8/8
  9661 | D:8      | Noticed a troll
  9681 | D:8      | Killed a troll
  9936 | D:8      | Noticed a two-headed ogre
  9944 | D:8      | Killed a two-headed ogre
  9945 | D:8      | Reached skill level 8 in Fighting
  9948 | D:8      | Reached XP level 10. HP: 43/91 MP: 9/9
 10369 | D:8      | Reached skill level 5 in Evocations
 10392 | D:8      | Noticed a cyclops
 10407 | D:8      | Killed a cyclops
 10943 | D:9      | Reached skill level 9 in Fighting
 10963 | D:9      | HP: 4/93 [killer bee (4)]
 12350 | D:9      | Found a sacrificial altar of Ru.
 12854 | D:10     | Entered Level 10 of the Dungeon
 12866 | D:9      | Reached skill level 5 in Armour
 13203 | D:10     | Found a runed translucent gate.
 13204 | D:10     | Found a runed translucent gate.
 13205 | D:10     | Found a runed translucent gate.
 13218 | D:10     | Found a transporter.
 13218 | D:10     | Identified the +1 plate armour "Guqogynn" {Harm}
 13302 | D:9      | Reached skill level 10 in Fighting
 13302 | D:9      | Reached XP level 11. HP: 42/102 MP: 10/10
 14080 | D:10     | Found a transporter.
 14498 | D:10     | Noticed a two-headed ogre
 14703 | D:10     | Killed a two-headed ogre
 15113 | D:10     | Reached skill level 11 in Fighting
 15609 | D:10     | Found a staircase to the Lair.
 15714 | D:10     | Noticed siradein's ghost (journeyman DsFi)
 15755 | D:11     | Found a staircase to the Orcish Mines.
 15807 | D:11     | Found a frozen archway.
 15816 | IceCv    | Entered an ice cave
 16014 | IceCv    | Noticed a death yak
 16015 | IceCv    | Noticed a death yak
 16468 | D:11     | Killed a death yak
 17262 | D:11     | Noticed a manticore
 17269 | D:11     | Killed a manticore
 17270 | D:11     | Reached XP level 12. HP: 61/113 MP: 11/11
 17610 | D:11     | Hit by a large rock thrown by a cyclops

Illustrated notes

Levels and vault maps discovered:
D:1:      nzn_arrival_water_spiral, layout_loops_ring,
          ebering_ecumenical_altar_mist
D:2:      layout_basic, basic_altar, minmay_between, uniq_jessica
D:3:      layout_basic, grunt_ministairs_14, uniq_pargi
D:4:      layout_basic, minmay_temple_entry_nine_rooms, serial_shops,
          kennysheep_mini_moat, minmay_rat_hole
D:5:      layout_loops_corners, portal_sewer_entry_d
D:6:      layout_cave_pools
D:7:      layout_basic
D:8:      minmay_opposing_rooms, layout_basic, nicolae_elevator_lobby_asterisk
D:9:      layout_basic, nicolae_ru_awakened_eye
D:10:     gammafunk_cloud_chamber, layout_rooms, erik_lair_dragon,
          gammafunk_ghost_spectres
D:11:     layout_rooms, hiddenorc2_lemuel, portal_ice_cave_entry_pillars_1,
          serial_co_window_serial, co_window_paths_b, co_window_cross_1,
          co_window_of_opportunity_a, co_window_paths_a,
          co_window_of_opportunity_a, co_window_corner_b, co_window_broadway_b,
          co_window_cross_3, glass_columns_a, glass_columns_a, glass_columns_c,
          glass_columns_c, glass_columns_b, worms_lemuel
Temple:   mainiacjoe_temple_hex_bubbles

Skill      XL: |  1  2  3  4  5  6  7  8  9 10 11 |
---------------+----------------------------------+-----
Axes           | 2 3 4 5 6 8 9 |  9.6
Shields        | 3 4 5 6 7 |  7.9
Armour         | 3 4 5 7 |  7.6
Fighting       | 4 5 7 8 10 11 | 11.6
Evocations     | 2 4 5 |  5.0

Action                   |  1- 3 |  4- 6 |  7- 9 | 10-12 || total
-------------------------+-------+-------+-------+-------++-------
Melee: War axe           |   110 |   195 |   367 |    32 ||   704
       Battleaxe         |       |       |    41 |   374 ||   415
Throw: Dart              |       |     7 |       |     4 ||    11
Invok: Curse Item        |       |       |     2 |       ||     2
Evoke: Wand              |       |     3 |     3 |    13 ||    19
       Phantom mirror    |       |       |       |     1 ||     1
  Use: Scroll            |       |     3 |     3 |     6 ||    12
       Potion            |       |     1 |       |     4 ||     5
Armor: Scale mail        |    42 |    92 |    78 |       ||   212
       Chain mail        |       |       |   215 |   349 ||   564
Dodge: Dodged            |    52 |    92 |   179 |   238 ||   561
Block: Buckler           |    18 |    50 |   111 |     7 ||   186

Table legend: (Time is in decaauts)
 A = Elapsed time spent in this place.
 B = Non-inter-level travel time spent in this place.
 C = Inter-level travel time spent in this place.
 D = Time resting spent in this place.
 E = Time spent auto-exploring this place.
 F = Levels seen in this place.
 G = Mean time per level.
                   A        B        C        D        E       F      G
               +--------+--------+--------+--------+--------+-----+--------+
         Total |  17963 |  17355 |    608 |   3137 |  11370 |  14 | 1283.1 |
       Dungeon |  16906 |  16341 |    565 |   3134 |  10642 |  11 | 1536.9 |
        Temple |    246 |    203 |     43 |      0 |    202 |   1 |  246.0 |
         Sewer |    551 |    551 |      0 |      0 |    346 |   1 |  551.0 |
      Ice Cave |    257 |    257 |      0 |      3 |    179 |   1 |  257.0 |
               +--------+--------+--------+--------+--------+-----+--------+

Top non-repeatable levels by time:
    D:10: 2699 daAuts
     D:8: 2413 daAuts
     D:7: 1816 daAuts
     D:9: 1724 daAuts
    D:11: 1354 daAuts
     D:5: 1253 daAuts
     D:4: 1250 daAuts
     D:1: 1110 daAuts
     D:3: 1101 daAuts
     D:6: 1094 daAuts
     D:2: 1089 daAuts
   Sewer: 551 daAuts
   IceCv: 257 daAuts
  Temple: 246 daAuts
